 Dungeon Crawl Stone Soup version 0.27.1 (webtiles) character file.

Game seed: 18149352157788656333

24 Malachi the Shield-Bearer (level 3, -1/31 HPs)
             Began as a Hill Orc Fighter on Sept 1, 2021.
             Slain by a gnoll (13 damage)
             ... on level 2 of the Dungeon.
             The game lasted 00:00:56 (1123 turns).

Malachi the Shield-Bearer (Hill Orc Fighter)        Turns: 1123, Time: 00:00:57

Health: -1/31      AC:  6    Str: 19    XL:     3   Next: 2%
Magic:  3/3        EV:  7    Int:  8    God:
Gold:   40         SH:  9    Dex: 10    Spells: 2/2 levels left

rFire    . . .     SeeInvis .   a - +0 war axe
rCold    . . .     Faith    .   c - +0 kite shield
rNeg     . . .     Spirit   .   b - +0 scale mail
rPois    .         Reflect  .   (no helmet)
rElec    .         Harm     .   (no cloak)
rCorr    .         Rampage  .   (no gloves)
Will     .....                  (no boots)
Stlth    ..........             (no amulet)
HPRegen  0.10/turn              (no ring)
MPRegen  0.08/turn              (no ring)

@: mighty
A: no striking features
a: no special abilities


You were on level 2 of the Dungeon.
You visited 1 branch of the dungeon, and saw 2 of its levels.

You collected 40 gold pieces.

Inventory:

Hand Weapons
 a - a +0 war axe (weapon)
Armour
 b - a +0 scale mail (worn)
 c - a +0 kite shield (worn)
Scrolls
 e - a scroll of vulnerability {unknown}
 g - a scroll of teleportation {unknown}
 h - a scroll of magic mapping {unknown}
 i - a scroll of enchant armour {unknown}
 j - a scroll of blinking {unknown}
Potions
 f - a potion of lignification {unknown}


   Skills:
 - Level 3.6 Fighting
 * Level 3.6 Axes
 - Level 3.2 Armour
 * Level 4.0 Shields


You had 2 spell levels left.
You didn't know any spells.
Your spell library contained the following spells:

 Spells                   Type           Power      Damage    Failure   Level
 Foxfire                  Conj/Fire      0%         2x1d4     99%         1
 Conjure Flame            Conj/Fire      0%         6-21      100%        3
 Inner Flame              Hex/Fire       0%         N/A       100%        3


Dungeon Overview and Level Annotations

Branches:
Dungeon (2/15)

Altars:


Message History

Done exploring.
Done exploring.
There is a stone staircase leading down here.
Done exploring.
Done exploring.
You climb downwards.
There is a stone staircase leading up here.
Unknown command. 3 gnolls come into view.
The gnoll shouts! x2; You hear a shout!
The gnoll moves out of view. x2
A gnoll is nearby!
A gnoll is nearby!
A gnoll is nearby!
A rat, a hobgoblin and a gnoll come into view.
You feel very mighty all of a sudden.
You slash the hobgoblin!
You kill the hobgoblin!
A bat comes into view.
The gnoll barely misses you.
The gnoll hits you from afar with a +0 halberd!
You have reached level 3!
Your experience leads to an increase in your attributes!
Increase (S)trength, (I)ntelligence, or (D)exterity?
You feel stronger.
A giant cockroach comes into view.
You block the rat's attack.
You see here a hobgoblin corpse.
You hit the gnoll.
The gnoll is lightly wounded.
You barely miss the rat. You block the rat's attack.
The gnoll barely misses you. The rat bites you but does no damage.
The gnoll hits you but does no damage. The gnoll hits you with a +0 flail!
You hit the gnoll.
The gnoll is severely wounded.
You barely miss the rat. You hit the gnoll. You block the gnoll's attack.
The rat closely misses you. The gnoll barely misses you.
You block the gnoll's attack.
The gnoll hits you from afar with a +0 halberd!
You die...

....... .......
....... ##
....... ..
....... .# ####
#....B .#.....
#...gr###.#.....
#...gg@....#....
#....g##........
#.#... #<#......
..### #.# ####.
#.. ... .. ##.##
# #.# #.# #.#


You could see 4 gnolls, a giant cockroach and a rat.

Vanquished Creatures
  A dart slug (D:1)
  4 ball pythons (D:1)
  A bat (D:1)
  An endoplasm (D:1)
  3 goblins (D:1)
  3 hobgoblins
  2 frilled lizards (D:1)
  3 kobolds (D:1)
  4 rats (D:1)
22 creatures vanquished.

Notes
Turn   | Place    | Note
-------+----------+-------------------------------------------
     0 | D:1      | Malachi the Hill Orc Fighter began the quest for the Orb.
     0 | D:1      | Reached XP level 1. HP: 19/19 MP: 1/1
   309 | D:1      | Reached XP level 2. HP: 21/26 MP: 2/2
   903 | D:1      | Reached skill level 4 in Shields
   947 | D:1      | Found a faded altar of an unknown god.
  1121 | D:2      | Reached XP level 3. HP: 19/31 MP: 3/3
  1123 | D:2      | Slain by a gnoll

Illustrated notes

Levels and vault maps discovered:
D:1:      elethiomel_arrival_infinity_welcomes_careful_drivers, layout_rooms,
          hellmonk_ecumenical_altar_leap_of_faith
D:2:      layout_basic, serial_bayou_pond_d

Skill      XL: |  1  2 |
---------------+-------+-----
Axes           | 3 |  3.6
Shields        | 4 |  4.0
Fighting       | |  3.6
Armour         | |  3.2

Action                   || total
-------------------------++-------
Melee: War axe           ||    85
  Use: Potion            ||     1
Armor: Scale mail        ||    42
Dodge: Dodged            ||    35
Block: Kite shield       ||    51
